 Dungeon Crawl Stone Soup version 0.28.0 (webtiles) character file.

Game seed: 8152154490299384252

588 Quinzaine the Conjurer (level 7, -2/72 HPs)
             Began as a Human Conjurer on Feb 13, 2022.
             Was a Follower of Okawaru.
             Killed from afar by an orc wizard (3 damage)
             ... with a puff of flame
             ... on level 4 of the Dungeon.
             The game lasted 00:29:53 (4688 turns).

Quinzaine the Conjurer (Human Conjurer)             Turns: 4688, Time: 00:29:56

Health: -2/72      AC:  7    Str:  7    XL:     7   Next: 65%
Magic:  3/12       EV: 12    Int: 19    God:    Okawaru [*.....]
Gold:   250        SH:  0    Dex: 11    Spells: 0/13 levels left

rFire   . . .      SeeInvis .   h - +3 quarterstaff (chaos)
rCold   . . .      Faith    .   (shield currently unavailable)
rNeg    . . .      Spirit   .   a - +0 robe
rPois   +          Reflect  .   (no helmet)
rElec   .          Harm     .   m - +2 cloak {rPois}
rCorr   .          Rampage  .   (no gloves)
Will    .....                   f - +1 pair of boots
Stlth   ..........              (no amulet)
HPRegen 1.02/turn               (no ring)
MPRegen 0.13/turn               (no ring)

@: berserking, very quick
A: dopey 1, regeneration 1
a: Renounce Religion, Heroism


You were on level 4 of the Dungeon.
You worshipped Okawaru.
Okawaru was aware of your devotion.
You visited 1 branch of the dungeon, and saw 5 of its levels.

You collected 250 gold pieces.

Inventory:

Hand Weapons
 h - a +3 quarterstaff of chaos (weapon)
Armour
 a - a +0 robe (worn)
 f - a +1 pair of boots (worn)
 i - a +0 leather armour
 l - an orb of mayhem
 m - a +2 cloak of poison resistance (worn)
Scrolls
 e - a scroll of enchant weapon
 j - a scroll of immolation
 n - a scroll of fear {unknown}
Potions
 b - a potion of attraction {unknown}
 c - a potion of curing {unknown}
 g - 3 potions of cancellation
 k - a potion of invisibility {unknown}


   Skills:
 + Level 1.3 Fighting
 * Level 2.3 Armour
 + Level 2.5 Dodging
 + Level 3.3 Stealth
 + Level 0.6 Unarmed Combat
 + Level 3.9 Spellcasting
 + Level 5.5 Conjurations
 + Level 0.8 Transmutations
 * Level 2.6 Invocations


You couldn't memorise any spells.
You knew the following spells:

 Your Spells              Type           Power      Damage    Failure   Level
a - Magic Dart            Conj           96%        1d7       1%          1
b - Beastly Appendage     Tmut           12%        N/A       10%         1
c - Searing Ray           Conj           48%        2d6       2%          2
d - Wereblood             Tmut           6%         N/A       16%         2
e - Spider Form           Tmut/Pois      5%         N/A       34%         3
f - Fulminant Prism       Conj/Hex       7%         3d7       41%         4

Your spell library contained the following spells:

 Spells                   Type           Power      Damage    Failure   Level
 Dazzling Flash           Conj/Hex       28%        N/A       13%         3
 Apportation              Tloc           6%         N/A       14%         1
 Iskenderun's Mystic Bla  Conj/Tloc      14%        2d5       41%         4
 Animate Skeleton         Necr           Unusable   N/A       N/A         1
 Summon Small Mammal      Summ           Unusable   N/A       N/A         1

Dungeon Overview and Level Annotations

Branches:
Dungeon (5/15)             Temple (0/1) D:4

Altars:
Fedhas
Hepliaklqana
Okawaru

Shops:
D:4 =

Annotations:
D:3 3 runed translucent doors, GilGalad's ghost, amateur MiFi; Sanktem7's ghost, weakling MiFi
D:4 2 transporters, pkoi's ghost, amateur MiGl


Innate Abilities, Weirdness & Mutations

You are dopey. (Int -2)
Your natural rate of healing is unusually fast.


Message History

The orc warrior hits you from afar with a +0 glaive!!
* * * LOW HITPOINT WARNING * * *
There is a stone staircase leading down here.
The orc warrior barely misses you.
You climb downwards.
Reactivating autopickup.
The jelly quivers.
The gnoll shouts!
The gnoll shaman shouts!
You hear a bark!
You hear an angry hiss.
The gnoll shouts! x2; You hear a shout! x2
Found a potion of heal wounds, a scale mail, a mace and a ring mail.
Found a stone staircase leading down and a stone staircase leading up.
There is a stone staircase leading up here.
You climb upwards.
Level annotation: 2 transporters, pkoi's ghost, amateur MiGl
There is a stone staircase leading down here.
Okay, then.
A red film seems to cover your vision as you go berserk!
You feel yourself moving faster!
You feel mighty!
An orc wizard appears from thin air!
The orc warrior hits you with a +0 glaive.
You barely miss the orc warrior.
The orc warrior is heavily wounded.
The orc warrior misses you.
You hit the orc warrior. You freeze the orc warrior.
The orc warrior is severely wounded.
The orc wizard hits you but does no damage.
The orc warrior hits you with a +0 glaive!
* * * LOW HITPOINT WARNING * * *
You barely miss the orc warrior.
The orc warrior is severely wounded.
The orc wizard hits you but does no damage.
The orc warrior hits you with a +0 glaive!
* * * LOW HITPOINT WARNING * * *
You sock the orc warrior!
Lightning courses through the orc warrior!
You kill the orc warrior!
Okawaru accepts your kill. The orc wizard casts a spell at you.
The puff of flame hits you.
You die...

#.# #.#### ### #.#
#....# #.# #..###
♣♣♣♣♣ #.# #..#
#####♣♣♣.♣.. #†#
#..### #...#♣..♣...
#.# #..#.#
#...†.♣♣♣♣.. #.#
#....# #)..#♣♣ ♣♣♣
#.#########.###
##### ♣
#.#........@).#
#.#.#######o### #.#
#.# ### #.#
#######.# ###.# #.#
#...o.#.#######...#
#.#
#.###.#...........#
#)#
#.#....[........#.#
#)#
#.#.#.######....#.#
#..
#.#.#...........#.#


You could see an orc wizard.

Vanquished Creatures
  Menkaure (D:4)
  An orc warrior (D:4)
  2 necrophages (D:4)
  A water moccasin skeleton (D:4)
  A jelly (D:3)
  An orc priest (D:4)
  A hound (D:4)
  Crazy Yiuf (D:4)
  4 adders
  A worm (D:4)
  4 dart slugs
  5 orcs
  6 endoplasms
  A giant cockroach (D:4)
  4 goblins
  7 hobgoblins
  5 jackals
  7 kobolds
  3 quokkas
  10 ball pythons
  4 bats
  2 frilled lizards (D:1)
  3 rats
75 creatures vanquished.

Vanquished Creatures (others)
  6 withered plants (D:3)
6 creatures vanquished.

Grand Total: 81 creatures vanquished

Notes
Turn   | Place    | Note
-------+----------+-------------------------------------------
     0 | D:1      | Quinzaine the Human Conjurer began the quest for the Orb.
     0 | D:1      | Reached XP level 1. HP: 13/13 MP: 3/3
   104 | D:1      | Learned a level 1 spell: Beastly Appendage
   368 | D:1      | Reached XP level 2. HP: 19/19 MP: 1/5
   371 | D:1      | Learned a level 2 spell: Searing Ray
   694 | D:1      | Reached XP level 3. HP: 24/24 MP: 1/6
   739 | D:1      | Learned a level 2 spell: Wereblood
  1038 | D:2      | Found an iron altar of Okawaru.
  1081 | D:2      | Reached XP level 4. HP: 30/30 MP: 0/7
  1574 | D:2      | Became a worshipper of Warmaster Okawaru
  2089 | D:3      | Found a runed translucent gate.
  2089 | D:3      | Found a runed translucent gate.
  2090 | D:3      | Found a runed translucent gate.
  2107 | D:3      | Noticed Sanktem7's ghost (weakling MiFi)
  2107 | D:3      | Noticed GilGalad's ghost (amateur MiFi)
  2250 | D:3      | Found a hazy altar of Hepliaklqana.
  2549 | D:3      | Gained mutation: Your natural rate of healing is unusually
                  | fast. [potion of mutation]
  2549 | D:3      | Gained mutation: You are dopey. (Int -2) [potion of
                  | mutation]
  3025 | D:3      | Reached skill level 5 in Conjurations
  3025 | D:3      | Reached skill level 1 in Invocations
  3025 | D:3      | Reached XP level 5. HP: 35/35 MP: 5/9
  3029 | D:3      | Learned a level 3 spell: Spider Form
  3165 | D:4      | Found Byasch's Jewellery Shop.
  3254 | D:4      | Reached skill level 1 in Armour
  3290 | D:4      | Found a staircase to the Ecumenical Temple.
  3340 | D:4      | Found a blossoming altar of Fedhas.
  3348 | D:4      | Noticed Menkaure
  3504 | D:4      | Noticed a necrophage
  3593 | D:4      | Found a transporter.
  3609 | D:4      | Killed a necrophage
  3610 | D:4      | Reached XP level 6. HP: 42/42 MP: 1/11
  3750 | D:4      | Found a transporter.
  3754 | D:4      | Noticed pkoi's ghost (amateur MiGl)
  3978 | D:4      | Noticed an orc warrior
  4137 | D:4      | Killed Menkaure
  4138 | D:4      | Reached skill level 1 in Fighting
  4138 | D:4      | Reached XP level 7. HP: 48/48 MP: 0/12
  4235 | D:4      | Learned a level 4 spell: Fulminant Prism
  4309 | D:4      | Found a runed translucent door.
  4310 | D:4      | Noticed Crazy Yiuf
  4322 | D:4      | Killed Crazy Yiuf
  4322 | D:4      | Reached * piety under Okawaru
  4681 | D:5      | Entered Level 5 of the Dungeon
  4687 | D:4      | HP: 1/72 [orc warrior (11)]
  4688 | D:4      | Killed from afar by an orc wizard

Illustrated notes

Levels and vault maps discovered:
D:1:      heliophobic_arrival_dark_side_of_the_moon, layout_basic,
          chequers_serial_rivers_large_b, kennysheep_decorative_pillar
D:2:      layout_basic, basic_altar, kennysheep_cluttered_room,
          small_statue_intersection, chequers_arboretum
D:3:      layout_loops_cross, amcnicky_altar_gilded, gammafunk_ghost_cemetery,
          serial_glass, glass_columns_b, glass_columns_b, glass_columns_b,
          columned_hall_lemuel
D:4:      layout_basic, kennysheep_mini, minmay_temple_entry_trees,
          serial_shops, shop_fountains, gammafunk_ghost_mausoleum,
          minmay_stone_trees_small, uniq_menkaure, uniq_crazy_yiuf_cottage
D:5:      layout_cave_pools, grunt_gozag_breadcrumbs,
          gammafunk_ghost_abyssal_escape, serial_gnoll_camp,
          gnoll_camp_mini_sergeant, gnoll_camp_mini_shop, gnoll_camp_mini_hut,
          gnoll_camp_huts_moat, gnoll_camp_mini_doghouse, serial_shops, shop,
          grunt_ministairs_1

Skill      XL: |  1  2  3  4  5  6 |
---------------+-------------------+-----
Conjurations   | 5 |  5.5
Invocations    | 1 2 |  2.6
Armour         | 1 2 |  2.3
Spellcasting   | 3 |  3.9
Stealth        | 3 |  3.3
Fighting       | 1 |  1.3
Dodging        | |  2.5
Unarmed Combat | |  0.6
Transmutations | |  0.8

Action                   |  1- 3 |  4- 6 |  7- 9 || total
-------------------------+-------+-------+-------++-------
Melee: Unarmed           |     6 |     6 |     4 ||    16
       Kick              |     1 |       |       ||     1
       Headbutt          |     1 |       |       ||     1
       Quarterstaff      |       |       |     7 ||     7
 Cast: Magic Dart        |    17 |     5 |     1 ||    23
       Searing Ray       |    13 |    45 |     5 ||    63
       Beastly Appendage |     1 |       |       ||     1
       Wereblood         |       |     2 |       ||     2
       Spider Form       |       |       |     1 ||     1
  Use: Scroll            |     3 |     9 |       ||    12
       Potion            |       |     4 |     3 ||     7
Armor: Robe              |     6 |     7 |     4 ||    17
       Skin              |       |     6 |     1 ||     7
Dodge: Dodged            |    11 |    27 |    11 ||    49
